 Dungeon Crawl Stone Soup version 0.23-a0-760-g92239d2 (webtiles) character file.

413 SmSkdm the Insei (level 7, 0/46 HPs)
             Began as a Kitsune Transmuter on May 12, 2019.
             Was an Initiate of Wu Jian.
             Succumbed to miscasting Spider Form's residual poison
             ... on level 4 of the Dungeon.
             The game lasted 00:13:51 (3625 turns).

SmSkdm the Insei (Kitsune Transmuter)               Turns: 3625, Time: 00:13:51

Health: 0/46       AC:  4    Str:  9    XL:     7   Next: 14%
Magic:  3/11       EV: 13    Int: 16    God:    Wu Jian [......]
Gold:   257        SH:  0    Dex: 21    Spells: 5/11 levels left

rFire    . . .     SeeInvis .     - Unarmed
rCold    . . .     Gourm    .   (no shield)
rNeg     . . .     Faith    .   b - +0 robe
rPois    .         Spirit   +   (helmet restricted)
rElec    .         Reflect  .   o - +0 cloak
rCorr    .         Harm     .   (no gloves)
MR       +....                  n - +0 pair of boots
Stlth    ++........             j - amulet of guardian spirit
HPRegen  0.15/turn              (no ring)
MPRegen  0.12/turn              i - +4 ring of dexterity

@: lethally poisoned (0 -> -4), appendage, very slightly contaminated
A: charm monsters, no helmets, claws 1, horns 2
a: Charm Monsters, End Transformation, Renounce Religion


You were on level 4 of the Dungeon.
You worshipped Wu Jian.
Wu Jian was noncommittal.
You were not hungry.
You had grown temporary horns.
You visited 2 branches of the dungeon, and saw 5 of its levels.

You collected 257 gold pieces.

Inventory:

Missiles
 a - 46 arrows
Armour
 b - a +0 robe (worn)
 n - a +0 pair of boots (worn)
 o - a +0 cloak (worn)
Jewellery
 g - an uncursed ring of teleportation
 i - a +4 ring of dexterity (right claw)
 j - an amulet of guardian spirit (around neck)
Scrolls
 c - a scroll of identify
 f - a scroll of immolation
Comestibles
 d - 9 rations
 h - 9 chunks of flesh


   Skills:
 + Level 3.6 Fighting
 + Level 0.6 Armour
 + Level 2.0 Dodging
 + Level 4.8 Unarmed Combat
 + Level 2.8 Spellcasting
 + Level 2.6 Transmutations


You had 5 spell levels left.
You knew the following spells:

 Your Spells              Type           Power        Failure   Level  Hunger
a - Beastly Appendage     Tmut           ##....       7%          1    #......
b - Sticks to Snakes      Tmut           ##......     10%         2    ##.....
c - Spider Form           Tmut/Pois      #.........   32%         3    ###....

Your spell library contained the following spells:

 Spells                   Type           Power        Failure   Level  Hunger
 Ice Form                 Ice/Tmut       #.......     73%         4    #####..
 Blade Hands              Tmut           ##........   88%         5    ######.


Dungeon Overview and Level Annotations

Branches:
Dungeon (4/15)             Temple (1/1) D:4

Altars:
Ashenzari
Cheibriados
Dithmenos
Elyvilon
Fedhas
Hepliaklqana
Kikubaaqudgha
Nemelex Xobeh
Okawaru
Qazlal
Sif Muna
Trog
Uskayaw
Vehumet
Wu Jian
Xom
Yredelemnul
Zin
The Shining One


Innate Abilities, Weirdness & Mutations

You can charm monsters.
You have fox ears (no helmets).
You have sharp fingernails.
You have a pair of horns on your head.


Message History

a +0 giant club; an ogre corpse You butcher the ogre corpse.
* * * LOW HITPOINT WARNING * * *
You feel sick.
Things that are here:
a +0 giant club; 6 chunks of flesh; an ogre skeleton There isn't anything to butcher here.
There isn't anything to butcher here.
There isn't anything to butcher here.
There isn't anything to butcher here.
Okay, then.
You aren't carrying any potions.
As you read the scroll of teleportation, it crumbles to dust.
You feel strangely unstable.
* * * LOW HITPOINT WARNING * * *
You feel sick.
Your surroundings suddenly seem different.
* * * LOW HITPOINT WARNING * * *
You feel sick.
You die...

...##
##..#####......#
##.. ##..## ####
##....## #..# ###.##
###...## ##.##
##.#########.<...##
##..# ##
##...........##..##
##[.## .#
#....###########.##
##)##### .#####...##
##.###)####.#
.........# ######
##.#..# #...
#...#..### ###..@.##
#...####.##
.#.#....# #...###.#
###.###..#
...#..#.####..## ###
##....##
....##........##
#....##
..>......#####.#####
##..### #....#...#
##.##.# ##.### #
.#....#..# ##...#
##.## ## .#.#..#.##
#.^.###.## ##.
#...##..# ##.....##
##..


There were no monsters in sight!

Vanquished Creatures
  An ogre (D:4)
  An orc priest (D:3)
  3 orc wizards
  An iguana (D:4)
  A hound skeleton (D:2)
  6 gnolls
  2 adders (D:3)
  A worm (D:2)
  2 dart slugs (D:2)
  15 orcs
  2 giant cockroaches
  11 goblins
  8 hobgoblins
  16 jackals
  2 quokkas (D:2)
  8 bats
  5 frilled lizards
  A jackal skeleton (D:4)
  A kobold (D:3)
  6 rats
93 creatures vanquished.

Vanquished Creatures (collateral kills)
  An orc (D:3)
  A hobgoblin (D:2)
  2 rats (D:2)
4 creatures vanquished.

Vanquished Creatures (others)
  A bat (D:2)
1 creature vanquished.

Grand Total: 98 creatures vanquished

Notes
Turn   | Place    | Note
-------+----------+-------------------------------------------
     0 | D:1      | SmSkdm the Kitsune Transmuter began the quest for the Orb.
     0 | D:1      | Reached XP level 1. HP: 12/12 MP: 3/3
   322 | D:1      | Reached skill level 1 in Fighting
   407 | D:1      | Reached XP level 2. HP: 18/18 MP: 5/5
   471 | D:1      | Learned a level 2 spell: Sticks to Snakes
   479 | D:1      | Reached skill level 3 in Unarmed Combat
   651 | D:2      | Reached XP level 3. HP: 17/23 MP: 6/6
   735 | D:2      | Found a shadowy altar of Dithmenos.
   886 | D:2      | Reached XP level 4. HP: 15/29 MP: 1/7
   977 | D:2      | Learned a level 3 spell: Spider Form
  1925 | D:3      | Reached XP level 5. HP: 34/35 MP: 4/8
  2016 | D:3      | Reached skill level 4 in Unarmed Combat
  2085 | D:3      | Reached XP level 6. HP: 20/42 MP: 3/9
  3136 | D:4      | Found a staircase to the Ecumenical Temple.
  3146 | Temple   | Entered the Ecumenical Temple
  3273 | Temple   | Became a worshipper of the Wu Jian Council
  3416 | D:4      | Found a hazy altar of Hepliaklqana.
  3418 | D:4      | Found a shattered altar of Ashenzari.
  3422 | D:4      | Found a glowing golden altar of the Shining One.
  3597 | D:4      | Noticed an ogre
  3618 | D:4      | Killed an ogre
  3618 | D:4      | Reached XP level 7. HP: 5/46 MP: 2/11
  3620 | D:4      | HP: 2/46 [poisoned by miscasting Spider Form (residual
                  | poison)]
  3625 | D:4      | Succumbed to miscasting Spider Form's residual poison

Vault maps used:
D:1:      minmay_arrival_four_circles
D:2:      grunt_dithmenos_smoke
D:3:      cheibrodos_greedy_goblins, serial_rivers,
          chequers_serial_rivers_micro_e, chequers_serial_rivers_small_3,
          chequers_serial_rivers_micro_d, chequers_serial_rivers_large_a,
          chequers_serial_rivers_micro_c, chequers_serial_rivers_small_a,
          serial_bayou_crossing
D:4:      gammafunk_temple_overflow_forgotten, minmay_temple_entry_mini_moons,
          first_ration
Temple:   regret_index_temple_waves

Skill      XL: |  1  2  3  4  5  6 |
---------------+-------------------+-----
Fighting       | 1 2 3 |  3.6
Unarmed Combat | 3 4 |  4.8
Dodging        | 2 |  2.0
Armour         | |  0.6
Spellcasting   | |  2.8
Transmutations | |  2.6

Action                   |  1- 3 |  4- 6 |  7- 9 || total
-------------------------+-------+-------+-------++-------
Melee: Unarmed           |    80 |   194 |       ||   274
       Headbutt          |     2 |     4 |       ||     6
       Punch             |     2 |     2 |       ||     4
       Kick              |     2 |       |       ||     2
 Cast: Beastly Appendage |     4 |     3 |       ||     7
       Sticks to Snakes  |     2 |       |       ||     2
       Spider Form       |       |    12 |       ||    12
Invok: Lunge             |       |     8 |       ||     8
 Abil: Charm Monsters    |     1 |     1 |       ||     2
Evoke: Wand              |       |     8 |       ||     8
  Use: Scroll            |     4 |     2 |     1 ||     7
       Potion            |       |     4 |       ||     4
 Stab: Sleeping          |     3 |     2 |       ||     5
       Betrayed ally     |     1 |       |       ||     1
       Distracted        |       |     1 |       ||     1
  Eat: Chunk             |       |    11 |       ||    11
Armor: Robe              |    13 |    41 |       ||    54
       Skin              |       |     6 |       ||     6
Dodge: Dodged            |    47 |   166 |       ||   213

Table legend:
 A = Non-vault XP
 B = Vault XP
 C = Vault XP percentage of total XP
 D = Non-vault monster count
 E = Vault monster count
 F = Vault count percentage of total count
                 A         B        C        D         E       F
            +---------+---------+-------+---------+---------+-------
      Total |     579 |      11 |   1.9 |      90 |       6 |   6.2
            +---------+---------+-------+---------+---------+-------
        D:1 |      14 |       0 |   0.0 |       9 |       0 |   0.0
        D:2 |     111 |       0 |   0.0 |      29 |       0 |   0.0
        D:3 |     224 |      11 |   4.7 |      35 |       6 |  14.6
        D:4 |     230 |       0 |   0.0 |      17 |       0 |   0.0
            +---------+---------+-------+---------+---------+-------
